 Dungeon Crawl Stone Soup version 0.20.0-7-g3b7b877 (webtiles) character file.

496 Scytalen the Firebug (level 6, -9/45 HPs)
             Began as a Draconian Fire Elementalist on May 27, 2017.
             Was a Follower of Vehumet.
             Mangled by an ogre
             ... wielding a cursed -3 giant spiked club
              (26 damage)
             ... on level 5 of the Dungeon on May 29, 2017.
             The game lasted 00:21:20 (5714 turns).

Scytalen the Firebug (Draconian Fire Elementalist)  Turns: 5714, Time: 00:21:21

Health: -9/45      AC:  7    Str: 11    XL:     6   Next: 93%
Magic:  9/9        EV: 12    Int: 17    God:    Vehumet [*.....]
Gold:   174        SH:  0    Dex: 11    Spells: 5/9 levels left

rFire    . . .     SeeInvis .   v - +1 flail (protect)
rCold    . . .     Gourm    .   (no shield)
rNeg     . . .     Faith    .   (armour unavailable)
rPois    .         Spirit   .   (helmet restricted)
rElec    .         Reflect  .   (no cloak)
rCorr    .         Harm     .   m - +0 pair of gloves
MR       .....                  (no boots)
Stlth    ++........             (no amulet)
Regen    0.2/turn               (no ring)
MPRegen  0.2/turn               (no ring)

@: marked
A: unfitting armour, cold-blooded, AC +6
a: Renounce Religion


You were on level 5 of the Dungeon.
You worshipped Vehumet.
Vehumet was aware of your devotion.
You were not hungry.

You visited 1 branch of the dungeon, and saw 5 of its levels.

You collected 174 gold pieces.

Inventory:

Hand Weapons
 v - a +1 flail of protection (weapon)
Missiles
 e - 140 stones (quivered)
 f - 42 sling bullets
 k - 8 javelins
 r - 5 tomahawks
Armour
 m - a +0 pair of gloves (worn)
Scrolls
 c - a scroll of immolation
 d - 6 scrolls of remove curse
 g - 5 scrolls of identify
 j - a scroll of enchant weapon {unknown}
 n - a scroll of blinking {unknown}
 s - a scroll of noise {unknown}
 t - a scroll of magic mapping {unknown}
Potions
 i - 2 potions of invisibility
 l - 3 potions of lignification {unknown}
 o - a potion of agility {unknown}
 q - 2 potions of curing {unknown}
 u - a potion of flight {unknown}
 x - a potion of experience {unknown}
Books
 a - a book of Flames

   Spells                             Type                      Level
   a - Flame Tongue                   Conjuration/Fire             1
   b - Throw Flame                    Conjuration/Fire             2
   c - Conjure Flame                  Conjuration/Fire             3
   d - Inner Flame                    Hexes/Fire                   3
   e - Sticky Flame                   Conjuration/Fire             4
   f - Fireball                       Conjuration/Fire             5
Comestibles
 b - 3 bread rations
 p - a royal jelly


   Skills:
 - Level 1.7 Dodging
 - Level 1.7 Stealth
 - Level 2.0 Spellcasting
 + Level 5.2 Conjurations
 + Level 5.9 Fire Magic


You had 5 spell levels left.
You knew the following spells:

 Your Spells              Type           Power        Failure   Level  Hunger
a - Flame Tongue          Conj/Fire      ###..        1%          1    #......
b - Conjure Flame         Conj/Fire      ###.....     6%          3    ###....


Dungeon Overview and Level Annotations

Branches:
Dungeon (5/15)
 Temple: D:4-7

Altars:
Elyvilon
Vehumet

Annotations:
D:4 melvinkitnick's ghost, novice DsAK
D:5 Sigmund


Innate Abilities, Weirdness & Mutations

Your plain brown scales are hard. (AC +6)
You cannot fit into any form of body armour.
You are cold-blooded and may be slowed by cold attacks.


Message History

You hear a shout!
You hear a bark!
You hear a shout!
You hear a bark!
You hear a shout!
You hear a bark! x2; You hear a shout!
Sigmund appears from thin air!
Reactivating autopickup.
Sigmund points at you and mumbles some strange words.
The puff of flame hits you! Sigmund casts a spell at you.
The puff of flame hits you! Sigmund casts a spell at you.
The puff of flame hits you!
You open the door.
There is an open door here.
As you read the scroll labeled BUUFOL MERA, it crumbles to dust.
It is a scroll of amnesia.
Forget which spell ([?*] list [ESC] exit)?
Forget which spell ([?*] list [ESC] exit)?
Okay, then.
The ogre hits you with a giant spiked club!!
Ouch! That really hurt!
You die...

###### #####....#
#...#....#
#...#....#
#..@#....#
#...O....#
#...#....#
#####.o..#######
###@.......#
#........#
#........#
########........#
........@...#####


You could see Sigmund, an ogre and an orc priest.

Vanquished Creatures
  An ogre (D:4)
  The ghost of Feta the Twirler, an amateur FoWn of Cheibriados (D:3)
  A scorpion (D:4)
  A hound (D:4)
  A worker ant (D:2)
  Robin (D:4)
  2 gnolls
  7 adders
  A shadow imp (D:3)
  3 oozes
  5 worms
  2 dart slugs (D:1)
  4 leopard geckos
  4 orcs
  11 bats
  4 giant cockroaches
  16 goblins
  7 hobgoblins
  8 kobolds
  5 quokkas
  A frilled lizard (D:2)
  12 rats
98 creatures vanquished.

Notes
Turn   | Place    | Note
-------+----------+-------------------------------------------
     0 | D:1      | Scytalen the Draconian Fire Elementalist began the quest for the Orb.
     0 | D:1      | Reached XP level 1. HP: 14/14 MP: 3/3
     6 | D:1      | Upgraded the game from 0.20.0-4-g10b340a to 0.20.0-7-g3b7b877
   219 | D:1      | Reached XP level 2. HP: 16/20 MP: 0/5
   706 | D:1      | Reached XP level 3. HP: 26/26 MP: 2/6
  1614 | D:2      | Learned a level 3 spell: Conjure Flame
  1654 | D:2      | Reached XP level 4. HP: 24/33 MP: 1/7
  1993 | D:2      | Found a white marble altar of Elyvilon.
  2609 | D:3      | Noticed Feta's ghost (amateur FoWn)
  2850 | D:3      | Reached XP level 5. HP: 38/38 MP: 6/8
  3086 | D:3      | Killed Feta's ghost
  3086 | D:3      | Reached skill level 5 in Fire Magic
  3733 | D:3      | Reached XP level 6. HP: 45/45 MP: 5/9
  3934 | D:3      | Found a radiant altar of Vehumet.
  3942 | D:3      | Became a worshipper of Vehumet
  4260 | D:4      | Noticed melvinkitnick's ghost (novice DsAK)
  4328 | D:4      | Noticed Robin
  4611 | D:4      | Killed Robin
  4864 | D:4      | Reached * piety under Vehumet
  4864 | D:4      | Offered knowledge of Freeze by Vehumet.
  4864 | D:4      | Reached skill level 5 in Conjurations
  5679 | D:5      | Entered Level 5 of the Dungeon
  5679 | D:5      | Noticed Sigmund
  5714 | D:5      | Mangled by an ogre

Skill      XL: |  1  2  3  4  5  6 |
---------------+-------------------+-----
Conjurations   | 2 3 4 5 |  5.2
Fire Magic     | 4 5 |  5.9
Dodging        | |  1.7
Stealth        | |  1.7
Spellcasting   | |  2.0

Action                   |  1- 3 |  4- 6 || total
-------------------------+-------+-------++-------
Melee: Unarmed           |    10 |     2 ||    12
       Tailslap          |     4 |     1 ||     5
       Flail             |       |    18 ||    18
Throw: Stone             |    70 |    93 ||   163
 Cast: Flame Tongue      |    72 |   161 ||   233
       Conjure Flame     |       |     4 ||     4
  Use: Scroll            |       |     3 ||     3
  Eat: Chunk             |     3 |    16 ||    19
Armor: Skin              |     5 |    42 ||    47
Dodge: Dodged            |    15 |    70 ||    85
